 Dungeon Crawl Stone Soup version 0.30-b1-2-g02819fbbbe (webtiles) character file.

Game seed: 7591324130520098180

502385 Sadicadict the Conqueror (level 24, 0/249 HPs)
             Began as a Minotaur Fighter on Dec 6, 2023.
             Was the Champion of Makhleb.
             Slain by a lorocyproca (7 damage)
             ... summoned by a dread lich
             ... while paralysed by a dread lich
             ... on level 5 of the Vaults.
             The game lasted 02:46:01 (49754 turns).

Sadicadict the Conqueror (Minotaur Fighter)        Turns: 49754, Time: 02:46:02

Health: 0/249      AC: 46    Str: 38    XL:     24   Next: 6%
Magic:  33/33      EV:  2    Int:  3    God:    Makhleb [******]
Gold:   2909       SH:  0    Dex:  6    Spells: 23/23 levels left

rFire   + + .        a - +9 broad axe (freeze)
rCold   + . .        P - +4 kite shield of Vaotem {Slay+2}
rNeg    + + .        C - +5 gold dragon scales
rPois   +            c - +2 hat
rElec   +            L - +2 cloak
rCorr   +            b - +2 pair of gloves
SInv    .            s - +2 pair of boots {rampage}
Will    +....        U - amulet "Run Toyk" {RegenMP rPois rN++ rCorr Stlth-} Stlth
                     F - ring of Vamiaco {rElec rCorr AC+4 Str+2 Dex-3}
HPRegen 0.61/turn    j - ring "Tiguthrepp" {rPois rF+ rCorr Str+6 Dex-4}
MPRegen 0.63/turn

%: rampage
@: paralysed, mighty, marked, corroded
A: horns 2, retaliatory headbutt, iridescent scales 1, dopey 1
}: 2/15 runes: decaying, serpentine
a: Renounce Religion, Minor Destruction, Lesser Servant of Makhleb, Major
Destruction, Greater Servant of Makhleb


You were on level 5 of the Vaults.
You worshipped Makhleb.
Makhleb was exalted by your worship.
You visited 9 branches of the dungeon, and saw 42 of its levels.
You visited the Abyss 2 times.
You also visited: Ossuary, Bailey and Gauntlet.

You collected 7759 gold pieces.
You spent 4850 gold pieces at shops.

Inventory:

Hand Weapons
 a - a +9 broad axe of freezing (weapon)
Armour
 b - a +2 pair of gloves (worn)
 c - a +2 hat (worn)
 s - a +2 pair of boots of rampaging (worn)
 C - +5 gold dragon scales (worn)
 G - the +15 Maxwell's patent armour {-Cast -Tele rElec Will+ rCorr}
   (You found it in a bailey)

   rElec:     It insulates you from electricity.
   -Cast:     It prevents spellcasting.
   -Tele:     It prevents most forms of teleportation.
   rCorr:     It protects you from acid and corrosion.
   Will:      It increases your willpower.
 L - a +2 cloak (worn)
 P - the +4 kite shield of Vaotem (worn) {Slay+2}
   (You acquired it in a bailey)

   Slay:      It affects your accuracy & damage with ranged weapons and melee
   (+2).
Jewellery
 j - the ring "Tiguthrepp" (right hand) {rPois rF+ rCorr Str+6 Dex-4}
   (You bought it in a shop on level 10 of the Dungeon)

   [ring of resist corrosion]

   Str:       It affects your strength (+6).
   Dex:       It affects your dexterity (-4).
   rF:        It protects you from fire.
   rPois:     It protects you from poison.
   rCorr:     It protects you from acid and corrosion.
 F - the ring of Vamiaco (left hand) {rElec rCorr AC+4 Str+2 Dex-3}
   (You found it on level 11 of the Dungeon)

   [ring of protection]

   AC:        It affects your AC (+4).
   Str:       It affects your strength (+2).
   Dex:       It affects your dexterity (-3).
   rElec:     It insulates you from electricity.
   rCorr:     It protects you from acid and corrosion.
 Q - the ring of Luneal {rC+ Int+5 Dex+3}
   (You bought it in a shop on level 10 of the Dungeon)

   [ring of protection from cold]

   Int:       It affects your intelligence (+5).
   Dex:       It affects your dexterity (+3).
   rC:        It protects you from cold.
 U - the amulet "Run Toyk" (around neck) {RegenMP rPois rN++ rCorr Stlth-}
   (You bought it in a shop on level 2 of the Orcish Mines)

   [amulet of magic regeneration]

   It increases your rate of magic regeneration.
   rPois:     It protects you from poison.
   rN:        It greatly protects you from negative energy.
   rCorr:     It protects you from acid and corrosion.
   Stlth:     It makes you less stealthy.
Wands
 o - a wand of mindburst (6)
 D - a wand of digging (4)
Scrolls
 e - 4 scrolls of summoning
 f - 3 scrolls of poison
 g - 11 scrolls of fear
 i - 18 scrolls of identify
 m - 4 scrolls of amnesia
 t - 23 scrolls of teleportation
 u - 10 scrolls of vulnerability
 w - 13 scrolls of noise
 y - 8 scrolls of immolation
 A - 3 scrolls of enchant weapon
 B - 6 scrolls of blinking
 E - 12 scrolls of fog
 I - 4 scrolls of magic mapping
 K - 4 scrolls of silence
Potions
 d - 9 potions of might
 h - 3 potions of haste
 k - 11 potions of attraction
 l - 2 potions of heal wounds
 n - 4 potions of resistance
 p - 5 potions of invisibility
 q - 21 potions of curing
 r - 7 potions of cancellation
 v - 7 potions of lignification
 x - 4 potions of flight
 z - 2 potions of berserk rage
 H - 13 potions of mutation
 N - 3 potions of ambrosia
 R - 4 potions of magic
 T - 2 potions of brilliance
Miscellaneous
 J - a phial of floods
 M - a phantom mirror
 O - a piece from Xom's chessboard (15/15)
 S - a box of beasts


   Skills:
 O Level 27 Fighting
 * Level 25.1 Axes
 - Level 24.9 Armour
 + Level 16.4 Dodging
 - Level 22.0 Shields
 - Level 15.0 Invocations


You had 23 spell levels left.
You didn't know any spells.
Your spell library contained the following spells:

 Spells                   Type           Power      Damage    Failure   Level
 Apportation              Tloc           0%         N/A       96%         1
 Kiss of Death            Conj/Necr      0%         2d5       96%         1
 Sandblast                Erth           0%         2d4       96%         1
 Slow                     Hex            0%         N/A       96%         1
 Sting                    Tmut/Pois      0%         1d3       96%         1
 Summon Small Mammal      Summ           0%         N/A       96%         1
 Cigotuvi's Dreadful Rot  Necr/Pois/Air  0%         N/A       99%         2
 Ensorcelled Hibernation  Hex/Ice        0%         N/A       99%         2
 Passwall                 Tmut/Erth      0%         N/A       99%         2
 Poisonous Vapours        Pois/Air       0%         N/A       99%         2
 Scorch                   Fire           0%         2d5       99%         2
 Sublimation of Blood     Necr           0%         N/A       99%         2
 Confusing Touch          Hex            0%         N/A       100%        3
 Dazzling Flash           Conj/Hex       0%         N/A       100%        3
 Ignite Poison            Fire/Tmut/Pois 0%         N/A       100%        3
 Mephitic Cloud           Conj/Pois/Air  0%         N/A       100%        3
 Ozocubu's Armour         Ice            0%         N/A       100%        3
 Spider Form              Tmut/Pois      0%         N/A       100%        3
 Stone Arrow              Conj/Erth      0%         3d7       100%        3
 Vampiric Draining        Necr           0%         2d6       100%        3
 Vhi's Electric Charge    Tloc/Air       0%         N/A       100%        3
 Anguish                  Hex/Necr       0%         N/A       100%        4
 Cause Fear               Hex            0%         N/A       100%        4
 Dispel Undead            Necr           0%         3d6       100%        4
 Flame Wave               Conj/Fire      0%         2d4       100%        4
 Fulminant Prism          Conj/Hex       0%         3d5       100%        4
 Leda's Liquefaction      Hex/Erth       0%         N/A       100%        4
 Olgreb's Toxic Radiance  Pois           0%         N/A       100%        4
 Petrify                  Tmut/Erth      0%         N/A       100%        4
 Summon Ice Beast         Ice/Summ       0%         N/A       100%        4
 Agony                    Necr           0%         N/A       100%        5
 Alistair's Intoxication  Tmut/Pois      0%         N/A       100%        5
 Arcjolt                  Conj/Air       0%         1d10      100%        5
 Blade Hands              Tmut           0%         N/A       100%        5
 Borgnjor's Vile Clutch   Necr/Erth      0%         N/A       100%        5
 Freezing Cloud           Conj/Ice/Air   0%         6-21      100%        5
 Irradiate                Conj/Tmut      0%         3d11      100%        5
 Iskenderun's Battlesphe  Conj           0%         2d6       100%        5
 Lee's Rapid Deconstruct  Erth           0%         3d4*      100%        5
 Metabolic Englaciation   Hex/Ice        0%         N/A       100%        5
 Silence                  Hex/Air        0%         N/A       100%        5
 Summon Forest            Summ/Tloc      0%         N/A       100%        5
 Summon Mana Viper        Hex/Summ       0%         N/A       100%        5
 Eringya's Noxious Bog    Tmut/Pois      0%         N/A       100%        6
 Iron Shot                Conj/Erth      0%         9d1       100%        6
 Plasma Beam              Fire/Air       0%         2x1d11    100%        6
 Simulacrum               Ice/Necr       0%         N/A       100%        6
 Statue Form              Tmut/Erth      0%         N/A       100%        6
 Summon Cactus Giant      Summ           0%         N/A       100%        6
 Dragon Form              Tmut           0%         N/A       100%        7
 Enfeeble                 Hex            0%         N/A       100%        7
 Malign Gateway           Summ/Tloc      0%         N/A       100%        7
 Monstrous Menagerie      Summ           0%         N/A       100%        7
 Spellforged Servitor     Conj/Summ      0%         N/A       100%        7
 Summon Horrible Things   Summ           0%         N/A       100%        8
 Shatter                  Erth           0%         3d5*      100%        9


Dungeon Overview and Level Annotations

Branches:
Dungeon (15/15)            Temple (1/1) D:6            Lair (5/5) D:11
  Swamp (4/4) Lair:2        Snake (4/4) Lair:2        Slime (0/5) Lair:4
    Orc (2/2) D:9             Elf (2/3) Orc:2        Vaults (5/5) D:13
  Crypt (0/3) Vaults:3     Depths (4/4) D:15            Zot (0/5) Depths:4
Ossuary (visited)          Bailey (visited)         Gauntlet (visited)

Altars:
Ashenzari
Cheibriados
Dithmenos
Elyvilon
Fedhas
Gozag
Hepliaklqana
Kikubaaqudgha
Makhleb
Nemelex Xobeh
Okawaru
Qazlal
Ru
Sif Muna
Trog
Uskayaw
Vehumet
Wu Jian
Xom
Yredelemnul
Zin
The Shining One
Jiyva
Lugonu

Shops:
D:10 =   D:11 *   Orc:2 :?*=:   Elf:1 *?==:!   Snake:2 *   Vaults:1 =
Vaults:3 =

Portals:
Hell: Depths:1 Depths:2 Depths:3 Depths:4
Abyss: Depths:1 Depths:3
Pandemonium: Depths:2 Depths:3
Ziggurat: Depths:2
Trove: Vaults:3 (show slimy rune of Zot)

Annotations:
D:8 1 transporter
Lair:2 exclusion: oklob plant
Snake:3 3 transporters
Depths:1 36 runed doors
Depths:2 exclusion: 3 hell hogs


Innate Abilities, Weirdness & Mutations

You have a pair of horns on your head.
You reflexively headbutt those who attack you in melee.
You are partially covered in iridescent scales. (AC +2)
You are dopey. (Int -2)


Message History

The tengu reaver pecks you but does no damage.
The tengu reaver claws you but does no damage.
The Tzitzimitl engulfs you but does no damage.
The Tzitzimitl bites you but does no damage.
The reaper hits you from afar with a +7 heavy scythe!!
The orange demon stings you but does no damage.
The vault warden hits you but does no damage.
The shadow dragon bites you!
* * * LOW HITPOINT WARNING * * *
The shadow dragon claws you but does no damage.
The shadow dragon claws you.
* * * LOW HITPOINT WARNING * * *
The deep elf annihilator hits you but does no damage.
The deep elf annihilator casts a spell.
The deep elf annihilator blinks!
A yaktaur captain comes into view.
The deep elf annihilator hits you but does no damage.
The vault sentinel blows a loud note on a signal horn!
You feel yourself slow down. The Hell Sentinel gestures at you.
The iron shot hits you!!!
* * * LOW HITPOINT WARNING * * *
The tengu reaver hits you but does no damage. x2
The tengu reaver pecks you but does no damage.
The tengu reaver claws you.
* * * LOW HITPOINT WARNING * * *
Something touches you but does no damage.
The Tzitzimitl engulfs you but does no damage.
The Tzitzimitl barely misses you. The orange demon stings you from afar.
* * * LOW HITPOINT WARNING * * *
The shadow dragon bites you but does no damage.
The shadow dragon claws you but does no damage. x2
The vault warden hits you from afar with a +0 glaive!
* * * LOW HITPOINT WARNING * * *
The deep elf annihilator hits you but does no damage.
The deep elf demonologist casts a spell.
The deep elf annihilator hits you but does no damage.
A frost giant comes into view.
It is wielding a +2 battleaxe of freezing.
Something hits you!
You die...

#....# #....# B .
#....#eC #C #....#.#
cX###....#.#
#p4#....#.###..
#Cy.pD3.p......
####2{{QeeQ.########
...22e21@D..........
.....e31)<..........
...[.24D4..[[[......
......QDe[[[.[......
####......[.###########
.)$.$..[[)[.††.......
....#....#............
....#....#.$####...###
.. #....#.... ##..#


You could see a Hell Sentinel (summoned), 3 shadow dragons, a tentacled
monstrosity, a titan (empowered), a golden dragon, a Tzitzimitl (summoned), a
frost giant, a cacodemon (summoned), a vault warden (empowered), 3 tengu
reavers, 2 hell beasts, a yaktaur captain, a reaper (summoned), a vault guard, 3
deep elf annihilators, a blizzard demon (summoned), a sun demon (summoned), 2
deep elf demonologists, 2 orange demons, a vault sentinel (catching breath), a
rust devil (summoned), a sixfirhy (summoned) and a hornet shaped shifter.

Vanquished Creatures
  2 dread liches (Vaults:5)
  A juggernaut (Depths:3)
  Vv (Depths:2)
  Sojobo (Vaults:3)
  Vashnia (Snake:4)
  3 golden dragons
  A bone dragon (Abyss:2)
  8 tentacled monstrosities
  Rupert (D:14)
  2 walking earthen tomes (Depths:3)
  7 liches
  Mlioglotl (Swamp:4)
  A walking frostbound tome (Depths:3)
  2 quicksilver dragons (Depths:3)
  9 titans
  7 sphinxes
  Kirke (D:13)
  2 thorn hunters
  7 nagarajas
  10 storm dragons
  Donald (Vaults:4)
  3 shadow dragons
  Roxanne (D:14)
  11 tengu reavers
  The ghost of Ife Ratz the Fencer, a journeyman MiBe of Trog (Orc:1)
  A fenstrider witch (Swamp:2)
  19 fire giants
  12 frost giants
  3 deep elf sorcerers
  Aizul (Swamp:4)
  A balrug (Depths:2)
  A draconian scorcher (Depths:4)
  An iron dragon (Depths:3)
  11 vault wardens
  The ghost of KuroJack the Stormcaller, an adept DEFE of Vehumet (Swamp:4)
  2 draconian shifters (Depths:4)
  23 ironbound preservers
  4 orc warlords
  5 spriggan defenders
  14 stone giants
  A war gargoyle (Vaults:4)
  A deep elf demonologist (Elf:2)
  9 ironbound thunderhulks
  A green draconian (Depths:4)
  18 very ugly things
  A black draconian (Depths:4)
  2 purple draconians (Depths:4)
  4 vampire knights
  2 eleionomae (Swamp:2)
  12 dire elephants
  A lorocyproca (Depths:2)
  A yellow draconian (Depths:4)
  A bunyip (Swamp:1)
  A red draconian (Depths:4)
  An eidolon (Abyss:2)
  11 spark wasps
  15 ettins
  A minotaur (Gauntlet)
  2 deep elf death magi
  A blizzard demon (Depths:3)
  10 fire dragons
  4 great orbs of eyes
  Josephine (D:10)
  11 yaktaur captains
  Fannar (Lair:3)
  2 deep elf high priests (Vaults:5)
  An entropy weaver (Vaults:5)
  2 shambling mangroves
  17 ice dragons
  2 salamander tyrants (Snake:4)
  29 vault guards
  2 rakshasas
  A caustic shrike simulacrum (Depths:3)
  A quicksilver dragon skeleton (Depths:3)
  A peacekeeper (Vaults:4)
  6 spriggan air magi
  A radroach (shapeshifter) (Depths:3)
  An anaconda (shapeshifter) (Vaults:5)
  14 hydras
  3 ironbound frosthearts
  A catoblepas (D:13)
  A death knight (D:15)
  A boulder beetle (D:11)
  5 ghost crabs
  10 alligators
  8 anacondas
  A two-headed ogre (shapeshifter) (Vaults:5)
  18 naga warriors
  An alligator (shapeshifter) (Vaults:5)
  7 two-headed ogres
  13 death yaks
  2 centaur warriors
  3 vampire magi
  8 deep troll shamans
  A tengu warrior (Depths:4)
  25 dancing weapons
  4 spriggan berserkers
  7 deep troll earth magi
  20 naga sharpshooters
  5 thrashing horrors (Abyss:2)
  7 shock serpents
  7 orc high priests
  13 hell knights
  8 deep elf knights
  4 soul eaters
  A skyshark (Lair:2)
  9 sun demons
  8 iron trolls
  A fire crab (Gauntlet)
  Nergalle (Orc:1)
  4 goliath frogs
  A skeletal warrior (D:11)
  A spark wasp zombie (Depths:3)
  2 salamander mystics (Snake:4)
  A spatial maelstrom (Abyss:2)
  A storm dragon skeleton (Depths:3)
  A skyshark (shapeshifter) (Vaults:1)
  3 sea snakes (Snake:2)
  5 deep elf archers (Elf:1)
  6 glowing orange brains
  A deep troll (shapeshifter) (Elf:1)
  8 ironbound convokers
  2 flayed ghosts
  3 spriggan druids (Swamp:3)
  13 wizards
  9 lindwurms
  56 deep trolls
  6 naga ritualists
  8 starcursed masses (Abyss:2)
  8 swamp dragons
  4 bog bodies
  21 deep elf zephyrmancers
  29 deep elf pyromancers
  10 necromancers
  9 mana vipers
  Pikel (D:8)
  4 harpies
  A stone giant zombie (Vaults:4)
  17 orc knights
  48 ugly things
  A manticore (shapeshifter) (D:13)
  11 cyclopes
  A human zombie (Vaults:1)
  4 orc sorcerers (Orc:2)
  A will-o-the-wisp (Swamp:3)
  A wolf spider (D:11)
  6 manticores
  7 salamanders
  A worldbinder (Abyss:2)
  13 vault sentinels
  20 elephants
  36 black mambas
  A demonic crawler (Abyss:2)
  9 guardian serpents
  Maurice (D:8)
  4 gargoyles
  15 cane toads
  24 naga magi
  A torpor snail (Lair:2)
  An unseen horror (shapeshifter) (D:14)
  8 smoke demons
  Psyche (D:8)
  12 komodo dragons
  6 rime drakes
  2 kobold demonologists (D:11)
  2 unseen horrors
  2 komodo dragons (shapeshifter)
  3 freezing wraiths
  2 tengu conjurers (Depths:1)
  7 yaktaurs
  12 trolls
  3 ice devils
  2 ancient zymes (Abyss:2)
  3 red devils (Depths:3)
  A polar bear (shapeshifter) (Vaults:5)
  12 tyrant leeches
  5 polar bears
  13 hornets
  8 blink frogs (Lair:5)
  40 slime creatures
  A fire giant simulacrum (Vaults:4)
  5 raiju (Abyss:2)
  8 dream sheep
  6 flying skulls (Abyss:2)
  3 air elementals
  2 human simulacra (Vaults:1)
  A culicivora (shapeshifter) (D:10)
  3 shadows
  9 spriggans
  A vampire (D:11)
  5 water elementals
  11 wraiths
  57 yaks
  3 hogs (D:13)
  6 wyverns
  A steam dragon (shapeshifter) (D:11)
  2 fire bats (Gauntlet)
  9 basilisks
  7 steam dragons
  3 fire elementals
  21 vampire mosquitoes
  A yaktaur simulacrum (Vaults:1)
  A neqoxec (Abyss:2)
  Grum (D:9)
  A chaos spawn (Depths:3)
  4 wargs
  A spatial vortex (Abyss:2)
  6 large abominations
  11 swamp worms
  9 acid dragons
  73 nagas
  A floating eye (Depths:3)
  11 water moccasins
  A sky beast (Abyss:2)
  2 ice beasts
  8 swamp drakes
  2 black bears (D:5)
  42 orc warriors
  An ogre (shapeshifter) (D:13)
  7 centaurs
  10 ogres
  9 boggarts
  9 wolves
  2 lemures (D:8)
  5 small abominations
  An elf simulacrum (Vaults:1)
  5 kobold brigands
  2 earth elementals (Elf:1)
  14 bullfrogs
  7 gnoll sergeants
  2 scorpions
  A human skeleton (Vaults:4)
  An ogre simulacrum (Vaults:4)
  5 wights (D:9)
  3 killer bees (D:9)
  5 howler monkeys
  6 electric eels
  A quasit (Abyss:2)
  A jelly (D:6)
  17 orc priests
  A sleepcap (D:6)
  Jessica (D:2)
  6 iguanas
  31 orc wizards
  12 hell rats
  13 mummies (Ossuary)
  12 gnolls
  9 adders
  4 shadow imps
  5 white imps
  4 worms
  3 dart slugs
  87 orcs
  2 ball pythons
  3 endoplasms
  3 giant cockroaches
  13 goblins
  19 hobgoblins
  4 jackals (D:1)
  2 quokkas
  5 bats
  2 frilled lizards
  3 gnoll skeletons (Ossuary)
  3 goblin skeletons (Ossuary)
  A goblin zombie (D:4)
  8 kobolds
  2 kobold skeletons (Ossuary)
  A quokka zombie (D:4)
  6 rats
  11 rat skeletons (Ossuary)
  7 briar patches (Swamp:1)
  A fire vortex (Depths:2)
  A lurking horror (Abyss:2)
  A starspawn tentacle (Swamp:4)
1904 creatures vanquished.

Vanquished Creatures (collateral kills)
  6 hydras
  A catoblepas (Lair:5)
  A dancing weapon (Elf:2)
  2 swamp dragons (Swamp:4)
  A lindwurm (Vaults:1)
  A deep elf zephyrmancer (Elf:2)
  2 elephants (Lair:5)
  A cane toad (Lair:5)
  A komodo dragon (Lair:5)
  3 blink frogs (Lair:5)
  4 swamp worms
  2 water moccasins (Lair:5)
  A small abomination (Gauntlet)
  A white imp (Vaults:1)
27 creatures vanquished.

Vanquished Creatures (others)
  A dread lich (Vaults:5)
  Nikola (Vaults:1)
  An alligator (Swamp:2)
  A dancing weapon (Elf:2)
  2 deep elf knights (Elf:2)
  A spriggan druid (Swamp:4)
  A deep elf zephyrmancer (Elf:2)
  A hornet (Swamp:2)
  A bloated husk (Swamp:3)
  3 spriggans
  A water elemental (D:13)
  A swamp drake (Swamp:4)
  A briar patch (Swamp:1)
  8 foxfires (Swamp:3)
  25 fungi
  39 plants
  A starspawn tentacle (Swamp:4)
89 creatures vanquished.

Grand Total: 2020 creatures vanquished

Notes
Turn   | Place    | Note
-------+----------+-------------------------------------------
     0 | D:1      | Sadicadict the Minotaur Fighter began the quest for the
                  | Orb.
     0 | D:1      | Reached XP level 1. HP: 19/19 MP: 0/0
   141 | D:1      | Reached XP level 2. HP: 22/26 MP: 1/1
  1012 | D:2      | Reached XP level 3. HP: 27/31 MP: 2/2
  1050 | D:2      | Noticed Jessica
  1068 | D:2      | Killed Jessica
  1069 | D:2      | Reached skill level 5 in Axes
  1148 | D:2      | Found a faded altar of an unknown god.
  1728 | D:3      | Identified a scroll of acquirement
  1729 | D:3      | Acquired 700 gold pieces
  1743 | D:3      | Reached XP level 4. HP: 38/39 MP: 3/3
  2362 | D:3      | Reached XP level 5. HP: 39/45 MP: 4/4
  2614 | D:4      | Found a sand-covered staircase.
  2635 | Ossuary  | Entered an ossuary
  3104 | Ossuary  | Reached XP level 6. HP: 38/51 MP: 5/5
  3791 | D:4      | Identified the +0 scale mail of Perfidy {Str+3 Int+2
                  | Stlth+}
  3881 | D:4      | Noticed a steam dragon
  3920 | D:4      | Killed a steam dragon
  4062 | D:4      | You are sucked into a shaft and drop 1 floor!
  4062 | D:5      | Entered Level 5 of the Dungeon
  4261 | D:5      | Reached XP level 7. HP: 57/57 MP: 6/6
  4601 | D:4      | Found an ancient bone altar of Kikubaaqudgha.
  4860 | D:5      | Reached skill level 10 in Axes
  5039 | D:5      | Reached skill level 4 in Fighting
  5440 | D:5      | Reached skill level 5 in Fighting
  5496 | D:5      | Found a shimmering altar of Xom.
  5624 | D:6      | Reached XP level 8. HP: 69/69 MP: 7/7
  5912 | D:6      | Found a staircase to the Ecumenical Temple.
  5926 | Temple   | Entered the Ecumenical Temple
  6113 | Temple   | Became a worshipper of Makhleb the Destroyer
  6202 | D:6      | Reached skill level 6 in Fighting
  6202 | D:6      | Reached skill level 5 in Armour
  6208 | D:6      | Reached skill level 5 in Shields
  6625 | D:7      | Reached skill level 7 in Fighting
  7533 | D:7      | Reached skill level 8 in Fighting
  7533 | D:7      | Reached skill level 1 in Dodging
  7533 | D:7      | Reached XP level 9. HP: 81/81 MP: 8/8
  8187 | D:8      | Noticed Psyche
  8226 | D:8      | Killed Psyche
  8277 | D:8      | Found a radiant altar of Vehumet.
  8649 | D:8      | Found a white marble altar of Elyvilon.
  9356 | D:8      | Noticed Pikel
  9373 | D:8      | Killed Pikel
  9374 | D:8      | Reached skill level 9 in Fighting
  9633 | D:8      | Noticed Maurice
  9634 | D:8      | Paralysed by something for 2 turns
  9665 | D:8      | Paralysed by Maurice for 3 turns
  9675 | D:8      | Killed Maurice
  9675 | D:8      | Reached * piety under Makhleb
  9755 | D:8      | Found a sparkling altar of Nemelex Xobeh.
  9755 | D:8      | Found a transporter.
  9756 | D:8      | Noticed a skeletal warrior
  9757 | D:8      | Noticed a manticore
  9918 | D:7      | Reached XP level 10. HP: 81/91 MP: 9/9
  9957 | D:8      | Reached skill level 1 in Invocations
  9960 | D:8      | Reached skill level 10 in Shields
 10180 | D:9      | Noticed Grum
 10198 | D:9      | Killed Grum
 10329 | D:9      | Acquired a manual of Shields
 10565 | D:9      | Found a staircase to the Orcish Mines.
 10577 | D:9      | Reached ** piety under Makhleb
 10894 | D:10     | Entered Level 10 of the Dungeon
 10910 | D:10     | Found a flagged portal.
 10922 | Bailey   | Entered a bailey
 10980 | Bailey   | Reached XP level 11. HP: 83/97 MP: 13/13
 11068 | Bailey   | Noticed an orc high priest
 11080 | Bailey   | Noticed a soul eater
 11106 | Bailey   | Killed an orc high priest
 11107 | Bailey   | Reached skill level 5 in Invocations
 11233 | Bailey   | Acquired the +4 kite shield of Vaotem {Slay+2}
 11284 | Bailey   | Found an iron altar of Okawaru.
 11284 | Bailey   | Noticed an orc high priest
 11284 | Bailey   | Noticed an orc knight
 11302 | Bailey   | Killed an orc knight
 11302 | Bailey   | Reached *** piety under Makhleb
 11304 | Bailey   | Killed an orc high priest
 11522 | Bailey   | Found the +15 Maxwell's patent armour {-Cast -Tele rElec
                  | Will+ rCorr}
 11588 | Bailey   | Identified the +3 dagger "Exoixasch" {freeze, rElec}
 11589 | Bailey   | Identified the +8 great sword of Foolhardiness {elec,
                  | +Blink Will+ Dex+3}
 11631 | Bailey   | Reached skill level 15 in Shields
 11995 | D:10     | Noticed a two-headed ogre
 12000 | D:10     | Killed a two-headed ogre
 12090 | D:10     | Noticed Josephine
 12098 | D:10     | Killed Josephine
 12133 | D:10     | Noticed a two-headed ogre
 12145 | D:10     | Killed a two-headed ogre
 12262 | D:10     | Found Onecusoi's Jewellery Shoppe.
 12270 | D:10     | Bought the ring "Tiguthrepp" {rPois rF+ rCorr Str+6 Dex-4}
                  | for 636 gold pieces
 12494 | D:11     | Found Inerotim's Assorted Antiques.
 12526 | D:11     | Bought a scroll labelled ROKO QUIRGH for 25 gold pieces
 12526 | D:11     | Bought a scroll labelled XALIXO JUMAPS for 25 gold pieces
 12560 | D:10     | Saving game... please wait.
 12629 | D:11     | Reached **** piety under Makhleb
 12635 | D:11     | Noticed a deep elf pyromancer
 12641 | D:11     | Reached XP level 12. HP: 98/106 MP: 14/14
 12657 | D:11     | Noticed a two-headed ogre
 12670 | D:11     | Killed a two-headed ogre
 12671 | D:11     | Reached skill level 10 in Fighting
 12747 | D:11     | Reached skill level 15 in Axes
 13027 | D:11     | Reached skill level 11 in Fighting
 13112 | D:10     | Bought the ring of Luneal {rC+ Int+5 Dex+3} for 732 gold
                  | pieces
 13245 | D:11     | Noticed a boulder beetle
 13265 | D:11     | Killed a boulder beetle
 13372 | D:11     | Noticed a two-headed ogre
 13380 | D:11     | Killed a two-headed ogre
 13392 | D:11     | Reached skill level 12 in Fighting
 13400 | D:11     | Reached XP level 13. HP: 107/118 MP: 15/15
 13521 | D:11     | Identified the ring of Vamiaco {rElec rCorr AC+4 Str+2
                  | Dex-3}
 13621 | D:11     | Reached ***** piety under Makhleb
 13993 | D:11     | Found a staircase to the Lair.
 14006 | D:11     | Identified the +5 flail "Killer Klown's Foe" {elec, +Blink
                  | rF+ rC++ Dex-4}
 14190 | Lair:1   | Entered Level 1 of the Lair of Beasts
 14898 | Lair:2   | Found a staircase to the Snake Pit.
 14908 | Lair:2   | Found a gate leading to a gauntlet.
 14922 | Gauntlet | Entered a Gauntlet
 14922 | Gauntlet | Found a transporter.
 14931 | Gauntlet | Found a transporter.
 14934 | Gauntlet | Found a transporter.
 14935 | Gauntlet | Found a transporter.
 14943 | Gauntlet | Found a transporter.
 14946 | Gauntlet | Found a transporter.
 14947 | Gauntlet | Found a transporter.
 14954 | Gauntlet | Found a runed translucent gate.
 14954 | Gauntlet | Found a runed translucent gate.
 14956 | Gauntlet | Found a transporter.
 14959 | Gauntlet | Found a transporter.
 14960 | Gauntlet | Found a transporter.
 14968 | Gauntlet | Found a transporter.
 14968 | Gauntlet | Found a runed translucent gate.
 14972 | Gauntlet | Found a transporter.
 14973 | Gauntlet | Found a transporter.
 14982 | Gauntlet | Found a transporter.
 15333 | Gauntlet | Reached skill level 13 in Fighting
 15556 | Gauntlet | Identified the +2 broad axe of Duty {antimagic, rElec rCorr
                  | SInv}
 15556 | Gauntlet | Noticed a minotaur
 15571 | Gauntlet | Killed a minotaur
 15759 | Lair:2   | Found a staircase to the Swamp.
 15866 | Lair:2   | Identified the +9 falchion of Roapt {vamp, *Rage rElec
                  | Str+9 Int-4}
 15897 | Lair:2   | Reached skill level 14 in Fighting
 16147 | Lair:2   | Reached XP level 14. HP: 132/132 MP: 19/19
 16456 | Lair:2   | Acquired 927 gold pieces
 16819 | Lair:3   | Noticed Fannar
 16831 | Lair:3   | Killed Fannar
 16925 | Lair:3   | Reached ****** piety under Makhleb
 17294 | Lair:3   | You fall into a shaft and drop 2 floors!
 17294 | Lair:5   | Entered Level 5 of the Lair of Beasts
 17365 | Lair:5   | Reached skill level 10 in Armour
 17993 | Lair:4   | Reached skill level 10 in Invocations
 18094 | Lair:4   | Found a viscous altar of Jiyva.
 18094 | Lair:4   | Found a staircase to the Slime Pits.
 18699 | Lair:4   | Found an opulent altar of Gozag.
 18825 | Lair:5   | Reached skill level 5 in Dodging
 19111 | Lair:5   | Reached XP level 15. HP: 95/139 MP: 21/21
 19546 | Lair:5   | Identified the +5 war axe "Nuruph" {heavy, rN+ Str-3 SInv}
 20143 | Orc:1    | Entered Level 1 of the Orcish Mines
 20364 | Orc:1    | Noticed Nergalle
 20377 | Orc:1    | Killed Nergalle
 20548 | Orc:1    | Found a runed translucent door.
 20548 | Orc:1    | Noticed Ife Ratz's ghost (journeyman MiBe)
 20562 | Orc:1    | Killed Ife Ratz's ghost
 20721 | Orc:2    | Entered Level 2 of the Orcish Mines
 20913 | Orc:2    | Found Gaataki's Book Boutique.
 21037 | Orc:2    | Found a staircase to the Elven Halls.
 21077 | Orc:2    | Found Upninukk's Jewellery Emporium.
 21116 | Orc:2    | Gained mutation: You are partially covered in iridescent
                  | scales. (AC +2) [a neqoxec]
 21166 | Orc:2    | Found Weny's Magic Scroll Shop.
 21172 | Orc:2    | Bought a scroll of fog for 64 gold pieces
 21172 | Orc:2    | Bought a scroll of identify for 32 gold pieces
 21172 | Orc:2    | Bought a scroll of silence for 152 gold pieces
 21172 | Orc:2    | Bought a scroll of identify for 32 gold pieces
 21172 | Orc:2    | Bought a scroll of enchant armour for 120 gold pieces
 21172 | Orc:2    | Bought a scroll of identify for 32 gold pieces
 21172 | Orc:2    | Bought a scroll of enchant weapon for 120 gold pieces
 21212 | Orc:2    | Found Hootumosch's Book Shop.
 21214 | Orc:2    | Found Wuposihe's Assorted Antiques.
 21222 | Orc:2    | Bought a viscous amethyst potion for 17 gold pieces
 21222 | Orc:2    | Bought a potion of heal wounds for 95 gold pieces
 21222 | Orc:2    | Bought a scroll of identify for 38 gold pieces
 21418 | Orc:2    | Bought the amulet "Run Toyk" {RegenMP rPois rN++ rCorr
                  | Stlth-} for 782 gold pieces
 21769 | Swamp:1  | Entered Level 1 of the Swamp
 21983 | Swamp:1  | Reached skill level 10 in Dodging
 22108 | Swamp:1  | Noticed a thorn hunter
 22127 | Swamp:1  | Killed a thorn hunter
 22725 | Swamp:2  | Reached XP level 16. HP: 142/147 MP: 24/24
 23005 | Swamp:2  | Acquired a manual of Axes
 24036 | Swamp:4  | Entered Level 4 of the Swamp
 24208 | Swamp:4  | Noticed Aizul
 24242 | Swamp:4  | Killed Aizul
 24304 | Swamp:4  | Noticed Mlioglotl
 24307 | Swamp:4  | Noticed a tentacled starspawn
 24319 | Swamp:4  | Killed Mlioglotl
 24462 | Swamp:4  | Found a runed translucent door.
 24464 | Swamp:4  | Found a shimmering altar of Xom.
 24464 | Swamp:4  | Noticed KuroJack's ghost (adept DEFE)
 24488 | Swamp:4  | Killed KuroJack's ghost
 24544 | Swamp:4  | Identified the +2 leather armour of the Meadowlark {rElec
                  | Stlth+}
 24545 | Swamp:4  | Identified the staff of fire "Virghakuw" {Fly rF+ rN+}
 24585 | Swamp:4  | Noticed a thorn hunter
 24590 | Swamp:4  | Killed a thorn hunter
 24603 | Swamp:4  | Got a decaying rune of Zot
 25019 | D:11     | Bought a scroll of enchant armour for 187 gold pieces
 25019 | D:11     | Bought a potion of haste for 250 gold pieces
 25019 | D:11     | Bought a potion of heal wounds for 125 gold pieces
 25019 | D:11     | Bought a potion of resistance for 250 gold pieces
 25193 | Snake:1  | Entered Level 1 of the Snake Pit
 25667 | Snake:1  | Reached XP level 17. HP: 154/154 MP: 25/25
 26819 | Snake:2  | Found Ciobadgh's Assorted Antiques.
 26833 | Snake:2  | Bought a potion of haste for 290 gold pieces
 26872 | Snake:2  | Identified the +5 ring mail of Vomeav {rC+ rN+}
 27338 | Snake:3  | Found a transporter.
 27345 | Snake:3  | Found a transporter.
 27386 | Snake:3  | Reached skill level 15 in Fighting
 27458 | Snake:3  | Found a transporter.
 27462 | Snake:3  | Found a transporter.
 27689 | Snake:3  | Found a transporter.
 27800 | Snake:3  | Found a transporter.
 28409 | Snake:4  | Entered Level 4 of the Snake Pit
 28745 | Snake:4  | Noticed Vashnia
 28798 | Snake:4  | Killed Vashnia
 29120 | Snake:4  | Reached XP level 18. HP: 166/166 MP: 26/26
 29197 | Snake:4  | Reached skill level 16 in Fighting
 29197 | Snake:4  | Reached skill level 15 in Armour
 29600 | Snake:4  | Got a serpentine rune of Zot
 30553 | Elf:1    | Entered Level 1 of the Elven Halls
 31403 | D:13     | Noticed Kirke
 31415 | D:13     | Killed Kirke
 31492 | D:13     | Reached skill level 17 in Fighting
 31549 | D:13     | Found a gate to the Vaults.
 32580 | D:14     | Identified Roxanne's Discourse on the Ground
 32580 | D:14     | Noticed Roxanne
 32583 | D:14     | Noticed Rupert
 32593 | D:14     | Killed Roxanne
 32609 | D:14     | Killed Rupert
 32770 | D:14     | Found a bloodstained altar of Trog.
 33336 | D:15     | Entered Level 15 of the Dungeon
 33570 | D:15     | Found a staircase to the Depths.
 33756 | D:15     | Reached skill level 18 in Fighting
 34133 | D:15     | Found an opulent altar of Gozag.
 34508 | Elf:1    | Found Qotoac's Distillery.
 34513 | Elf:1    | Bought a potion of might for 68 gold pieces
 34513 | Elf:1    | Bought a potion of curing for 51 gold pieces
 34513 | Elf:1    | Bought a potion of might for 68 gold pieces
 34513 | Elf:1    | Bought 3 potions of curing for 153 gold pieces
 34563 | Elf:1    | Paralysed by an air elemental for 1 turns
 34726 | Elf:1    | Found Heideory's General Store.
 34754 | Elf:1    | Bought a potion of haste for 100 gold pieces
 34964 | Elf:1    | Got the Reference Book on Collective Outbursts
 35053 | Elf:1    | Found Poruapne's Magic Scroll Emporium.
 35060 | Elf:1    | Bought a scroll of fear for 68 gold pieces
 35060 | Elf:1    | Bought a scroll of fear for 68 gold pieces
 35060 | Elf:1    | Bought a scroll of fog for 68 gold pieces
 35072 | Elf:1    | Found Ynweilye's Book Shoppe.
 35072 | Elf:1    | Found Akelups's Jewellery Boutique.
 35073 | Elf:1    | Found Tuso Ime's Jewellery Boutique.
 35161 | Elf:1    | Reached skill level 19 in Fighting
 35501 | Elf:2    | Reached XP level 19. HP: 180/182 MP: 27/27
 35502 | Elf:2    | Paralysed by an air elemental for 1 turns
 35507 | Elf:2    | Paralysed by an air elemental for 1 turns
 35711 | Elf:2    | Paralysed by an air elemental for 1 turns
 35886 | Elf:2    | Found a runed translucent gate.
 35890 | Elf:2    | Found a runed translucent gate.
 35894 | Elf:2    | Found a runed translucent gate.
 36010 | Abyss:2  | Cast into level 2 of the Abyss (+2 long sword of
                  | distortion)
 36157 | Abyss:2  | Reached skill level 20 in Fighting
 36181 | Elf:2    | Escaped the Abyss
 37129 | Vaults:1 | Entered Level 1 of the Vaults
 37233 | Vaults:1 | Noticed Nikola
 37250 | Vaults:1 | Killed Nikola
 37698 | Vaults:1 | Reached skill level 21 in Fighting
 37773 | Vaults:1 | Found Sucwigho's Jewellery Shop.
 38413 | Vaults:2 | Reached XP level 20. HP: 199/199 MP: 29/29
 38809 | Vaults:2 | Reached skill level 22 in Fighting
 39077 | Vaults:2 | Identified the orb "Jyugyne" {guile, +Inv rCorr Dex+2}
 39579 | Vaults:3 | Found a portal to a secret trove of treasure.
 40034 | Vaults:3 | Found a staircase to the Crypt.
 40034 | Vaults:3 | Found a basalt altar of Yredelemnul.
 40035 | Vaults:3 | Found an ancient bone altar of Kikubaaqudgha.
 40084 | Vaults:3 | Noticed Sojobo
 40097 | Vaults:3 | Reached skill level 23 in Fighting
 40109 | Vaults:3 | Killed Sojobo
 40177 | Vaults:3 | Saving game... please wait.
 40489 | Vaults:3 | Found Diuloic's Jewellery Shop.
 40974 | Vaults:4 | Reached XP level 21. HP: 213/213 MP: 31/31
 41310 | Vaults:4 | Reached skill level 24 in Fighting
 41316 | Vaults:4 | Identified the +4 kite shield of Ihurimam {Drain *Slow
                  | rElec Str+8}
 41316 | Vaults:4 | Noticed Donald
 41319 | Vaults:4 | Killed Donald
 41334 | Vaults:4 | Identified the +5 broad axe of Xeavuox {heavy, *Rage rC++
                  | Dex+4}
 41392 | Vaults:4 | Identified the +0 hand axe of Truncation {vamp, rPois rC+}
 42091 | Depths:1 | Entered Level 1 of the Depths
 42099 | Depths:1 | Reached skill level 15 in Invocations
 42132 | Depths:1 | Found an ornate altar of the Wu Jian Council.
 42170 | Depths:1 | Found a huge runed gate.
 42170 | Depths:1 | Found a huge runed gate.
 42170 | Depths:1 | Found a huge runed gate.
 42170 | Depths:1 | Found a huge runed gate.
 42170 | Depths:1 | Found a huge runed gate.
 42170 | Depths:1 | Found a huge runed gate.
 42170 | Depths:1 | Found a huge runed gate.
 42170 | Depths:1 | Found a huge runed gate.
 42170 | Depths:1 | Found a huge runed gate.
 42170 | Depths:1 | Found a huge runed gate.
 42177 | Depths:1 | Found a huge runed gate.
 42177 | Depths:1 | Found a huge runed gate.
 42177 | Depths:1 | Found a huge runed gate.
 42177 | Depths:1 | Found a huge runed gate.
 42177 | Depths:1 | Found a huge runed gate.
 42177 | Depths:1 | Found a huge runed gate.
 42178 | Depths:1 | Found a huge runed gate.
 42189 | Depths:1 | Found a huge runed gate.
 42190 | Depths:1 | Found a huge runed gate.
 42198 | Depths:1 | Found a huge runed gate.
 42198 | Depths:1 | Found a huge runed gate.
 42198 | Depths:1 | Found a huge runed gate.
 42198 | Depths:1 | Found a huge runed gate.
 42198 | Depths:1 | Found a huge runed gate.
 42198 | Depths:1 | Found a huge runed gate.
 42199 | Depths:1 | Found a huge runed gate.
 42200 | Depths:1 | Found a huge runed gate.
 42201 | Depths:1 | Found a huge runed gate.
 42216 | Depths:1 | Found a huge runed gate.
 42216 | Depths:1 | Found a huge runed gate.
 42216 | Depths:1 | Found a huge runed gate.
 42216 | Depths:1 | Found a huge runed gate.
 42216 | Depths:1 | Found a huge runed gate.
 42216 | Depths:1 | Found a huge runed gate.
 42217 | Depths:1 | Found a huge runed gate.
 42400 | Depths:1 | Found a gateway to Hell.
 42412 | Depths:1 | Found a huge runed gate.
 42465 | Depths:1 | Found a one-way gate to the infinite horrors of the Abyss.
 42621 | Depths:2 | Found a one-way gateway to a ziggurat.
 43239 | Depths:2 | Identified the +3 rapier of Doliq {freeze, Str+7}
 43410 | Depths:2 | Noticed Vv
 43475 | Depths:2 | Killed Vv
 43621 | Depths:2 | Found a blossoming altar of Fedhas.
 44132 | Depths:2 | Noticed a juggernaut
 44257 | Depths:2 | Found a one-way gate leading to the halls of Pandemonium.
 44446 | Depths:3 | Found a corrupted altar of Lugonu.
 44787 | Depths:3 | Reached XP level 22. HP: 224/224 MP: 32/32
 44976 | Depths:3 | Noticed a golden dragon
 44982 | Depths:3 | Killed a golden dragon
 45155 | Depths:3 | Noticed a juggernaut
 45174 | Depths:3 | Killed a juggernaut
 45512 | Depths:3 | Identified the +0 plate armour of Polish {Rampage MP+9}
 45515 | Depths:3 | Identified the staff of air "Donniecw" {rElec rCorr Stlth+}
 45540 | Depths:3 | Identified the +3 falchion "Vewauboy" {speed, rC+ MP+9
                  | Str+4 Dex+3}
 45612 | Depths:3 | Noticed a golden dragon
 45619 | Depths:3 | Killed a golden dragon
 46046 | Depths:3 | Reached skill level 15 in Dodging
 46541 | Depths:4 | Entered Level 4 of the Depths
 46889 | Depths:4 | Reached XP level 23. HP: 232/232 MP: 33/33
 47128 | Depths:4 | Reached skill level 25 in Fighting
 47550 | Depths:4 | Found a gate to the Realm of Zot.
 48387 | Elf:1    | Bought a scroll of enchant armour for 127 gold pieces
 48435 | Elf:1    | Bought a scroll of enchant armour for 75 gold pieces
 49184 | Vaults:5 | Entered Level 5 of the Vaults
 49296 | Vaults:5 | Noticed a dread lich
 49320 | Vaults:5 | Killed a dread lich
 49321 | Vaults:5 | Noticed a dread lich
 49326 | Vaults:5 | Reached skill level 26 in Fighting
 49340 | Vaults:5 | Killed a dread lich
 49433 | Abyss:2  | Cast into level 2 of the Abyss (vault sentinel)
 49480 | Abyss:2  | Gained mutation: You are dopey. (Int -2) [a neqoxec]
 49696 | Vaults:5 | Escaped the Abyss
 49702 | Vaults:5 | Reached skill level 27 in Fighting
 49708 | Vaults:5 | Noticed a dread lich
 49725 | Vaults:5 | Killed a dread lich
 49725 | Vaults:5 | Noticed a dread lich
 49732 | Vaults:5 | Paralysed by a dread lich for 4 turns
 49737 | Vaults:5 | Noticed an ancient lich
 49747 | Vaults:5 | Reached XP level 24. HP: 93/249 MP: 33/33
 49751 | Vaults:5 | Paralysed by something for 3 turns
 49754 | Vaults:5 | HP: 7/249 [vault warden/+0 glaive (15)]
 49754 | Vaults:5 | Slain by a lorocyproca

Illustrated notes

Levels and vault maps discovered:
D:1:      mrwooster_arrival_statue_2, layout_basic
D:2:      layout_basic, basic_ecumenical_altar, minmay_misc_feat_more_columns,
          uniq_jessica
D:3:      minmay_wonky_spiral, layout_loops_ring
D:4:      layout_loops_ring, mainiacjoe_overflow_alcove_1, enter_ossuary_4
D:5:      layout_loops_ring, overflow_temple_1_default
D:6:      layout_loops_ring, minmay_temple_entry_ruins
D:7:      layout_layer_cave
D:8:      layout_basic, mainiacjoe_overflow_catwalk, lemuel_crystal_altar,
          grunt_nemelex_the_gamble, uniq_psyche, uniq_maurice, uniq_pikel
D:9:      layout_loops_ring, kennysheep_orc_monster_closet_entryway, uniq_grum
D:10:     minmay_klotski, layout_small_grid, serial_shops,
          nicolae_shop_just_a_little_nook, enter_bailey_3, uniq_josephine
D:11:     minmay_the_grid_square_5x5_5x5_mashed
          [minmay_the_grid_square_5x5_detours, minmay_the_grid_square_5x5_bite,
          minmay_the_grid_square_5x5_two,
          minmay_the_grid_square_5x5_beaten_path,
          minmay_the_grid_square_5x5_checkered,
          minmay_the_grid_square_5x5_pentomino_r,
          minmay_the_grid_square_5x5_prize_pseudospiral,
          minmay_the_grid_square_5x5_fat_x,
          minmay_the_grid_square_5x5_prize_waves,
          minmay_the_grid_square_5x5_comb,
          minmay_the_grid_square_5x5_inverted_slash,
          minmay_the_grid_square_5x5_n,
          minmay_the_grid_square_5x5_prize_snowflake,
          minmay_the_grid_square_5x5_spiral_small,
          minmay_the_grid_square_5x5_meh,
          minmay_the_grid_square_5x5_almost_minimal,
          minmay_the_grid_square_5x5_prize_open,
          minmay_the_grid_square_5x5_tri_point,
          minmay_the_grid_square_5x5_prize_gold,
          minmay_the_grid_square_5x5_hollow_slash,
          minmay_the_grid_square_5x5_dogpile,
          minmay_the_grid_square_5x5_minivault, minmay_the_grid_square_5x5_mess,
          minmay_the_grid_square_5x5_two_small, minmay_the_grid_square_5x5_c],
          layout_cave_pods, erik_lair_dragon, serial_shops, shop
D:12:     layout_roguey
D:13:     wad_lake_hut, layout_loops_ring, david_vaults_2, uniq_kirke
D:14:     layout_stronghold, trog_three_pillars_becter, uniq_roxanne,
          uniq_rupert
D:15:     grunt_enter_depths_hoard, layout_irregular_city,
          nicolae_gozag_cash_rules_everything_around_me
Temple:   minmay_crystal_spiral_temple
Lair:1:   layout_roguey, lemuel_fruit_tree, grunt_megastairs_4
Lair:2:   nzn_winding_woodlands_medium [nzn_winding_woodlands_5x5_three,
          nzn_winding_woodlands_5x15_pathside_ponds,
          nzn_winding_woodlands_5x5_default, nzn_winding_woodlands_hourglass,
          nzn_winding_woodlands_center_triple_pond,
          nzn_winding_woodlands_5x5_open_star,
          nzn_winding_woodlands_5x5_closed_star,
          nzn_winding_woodlands_5x15_zeroes,
          nzn_winding_woodlands_5x5_perimeter], layout_regular_city,
          skrybe_swamp_entry_bodies, guppyfry_snake_entry_island,
          gauntlet_entry_generic
Lair:3:   layout_hall_layers, kilobyte_rumbling_trees,
          infiniplex_staircase_pool, uniq_fannar
Lair:4:   layout_regular_city, slime_entry_1, basic_altar
Lair:5:   hangedman_lair_in_review, layout_regular_city,
          guppyfry_lair_end_dragon, nicolae_volcano_entry_lava_flow,
          nicolae_quartered_pool_little
Swamp:1:  nicolae_swamp_ascending_descending, layout_basic_swamp,
          evilmike_swamp_ruin_house_3
Swamp:2:  layout_falls_marsh, nicolae_swamp_dense_foliage, swamp_pool5,
          infiniplex_staircase_pool_2
Swamp:3:  layout_falls_marsh, hangedman_swamp_ruin_hall, swamp_pool1,
          nicolae_swamp_small_spring
Swamp:4:  swamp, layout_basic_swamp, ebering_ghost_xom, uniq_aizul,
          uniq_mlioglotl
Snake:1:  layout_basic
Snake:2:  nicolae_snake_crotalidae_crossing, layout_cave_pods,
          nicolae_stop_n_shop_1, st_stairs_11, serial_bayou_shore_a
Snake:3:  layout_layer_cave, nicolae_snake_linked_coils, serial_nicolae_subway,
          nicolae_sub_station_stone, nicolae_sub_station_crystal,
          nicolae_sub_station_metal
Snake:4:  minmay_snake_end_coiled, layout_basic, grunt_ministairs_12,
          uniq_vashnia
Orc:1:    layout_diamond_mine, ebering_ghost_inner_flame, uniq_nergalle
Orc:2:    st_orc_elflike, layout_diamond_mine, serial_shops, shop
Elf:1:    layout_loops_corners, serial_shops, nicolae_shop_advertising_works
          [nicolae_subvault_shop_adworks], nicolae_shop_tiny_glass,
          shop_fountains, minmay_elf_sorcery, minmay_shop_grove,
          grunt_megastairs_2
Elf:2:    nicolae_elf_blades_splatter_lattice [mumra_blade_entry_bloodbath],
          layout_geoelf_octagon
Vaults:1: vaults_mumra_minichess_inversion, nicolae_vaults_little_squares_4,
          st_cross, serial_ice_m, nicolae_vaults_trapezoid_4,
          nicolae_vaults_tetromino_L_2, nicolae_vaults_little_squares_3,
          grunt_vaults_twisty, v_misc_32, vaults_mumra_hex,
          hangedman_vaults_cutoff, v_misc_33, nicolae_vaults_trapezoid_2,
          vaults_room_hallway, layout_vaults_maze_bifur, serial_shops, shop,
          uniq_nikola
Vaults:2: v_misc_2, ontoclasm_vaults_ring_small, nicolae_vaults_diamond_2,
          vaults_room_boxed, v_misc_26, v_misc_30,
          nicolae_vaults_surprise_closet_hard, ontoclasm_vaults_ring_small,
          vaults_dpeg_hooks, layout_vaults_quadrants
Vaults:3: nicolae_vaults_inception_statues, v_alt_pattern_6, v_rooms_1,
          minmay_crypt_entry_necro_gods, nicolae_vaults_more_shelving_1,
          vaults_room_grunt_arrival_ludios, vaults_dpeg_spiral,
          nicolae_vaults_diamond_2, hangedman_vaults_trim,
          ontoclasm_vaults_pinch, nicolae_vaults_little_ls,
          layout_vaults_big_room, enter_trove_2, serial_shops,
          nicolae_shop_tiny_glass, uniq_sojobo
Vaults:4: nicolae_vaults_diagonal_hallway_8, grunt_vaults_funnel,
          v_alt_pattern_4, nicolae_vaults_mitosis, v_pattern_3, v_misc_29,
          nicolae_vaults_ring_of_whatevers,
          nicolae_vaults_offset_grid_hallway_3, layout_vaults_big_cross,
          uniq_donald
Vaults:5: serial_shops
Depths:1: layout_big_octagon, nzn_wu_jian_contemplation,
          hangedman_abyss_entry_splay, hangedman_geh_valley, door_vault
Depths:2: grunt_house_of_mirrors, layout_long_grid, enter_ziggurat_d,
          hellmouth_3, rand_demon_pan_entry_3, fedhas_altar_3, minivault_12,
          uniq_vv, uniq_josephina
Depths:3: hangedman_box_tower, layout_gridlike, minmay_misc_feat_tiny,
          hell_entry, abyss_entry_flame_altar, grunt_pan_entry_in_and_out
Depths:4: grunt_zot_entry_funnels, layout_gridlike, grunt_hell_entry_dis_grunt,
          drop_trap

Skill      XL: |  1  2  3  4  5  6  7  8  9 10 11 12 13 14 15 16 17 18 19 20 21 22 23 24 |
---------------+-------------------------------------------------------------------------+-----
Axes           | 3 4 5 6 7 9 10 11 13 16 18 20 24 25 | 25.1
Fighting       | 5 8 9 12 14 15 19 21 23 24 27 | 27.0
Armour         | 4 6 12 13 14 16 18 19 22 24 | 24.9
Shields        | 4 6 9 13 18 21 22 | 22.0
Dodging        | 1 4 6 10 11 12 13 15 16 | 16.4
Invocations    | 4 5 8 10 12 13 14 15 | 15.0

Action                     |  1- 3 |  4- 6 |  7- 9 | 10-12 | 13-15 | 16-18 | 19-21 | 22-24 || total
---------------------------+-------+-------+-------+-------+-------+-------+-------+-------++-------
  Melee: War axe           |    70 |   164 |   256 |   179 |       |       |       |       ||   669
         Headbutt          |     6 |    31 |    44 |   129 |   239 |   294 |   382 |   236 ||  1361
         Broad axe         |       |       |       |   389 |  1047 |  1222 |  1249 |   756 ||  4663
  Throw: Throwing net      |       |     1 |     3 |     1 |       |       |       |       ||     5
 Invoke: Minor Destruction |       |       |       |     3 |       |       |       |       ||     3
         Lesser Servant of |       |       |       |       |    21 |     6 |     1 |       ||    28
         Major Destruction |       |       |       |       |     3 |     1 |       |       ||     4
         Greater Servant o |       |       |       |       |       |     1 |     3 |       ||     4
  Evoke: Wand              |       |     2 |     4 |     2 |     1 |     7 |       |       ||    16
    Use: Scroll            |     5 |     2 |     4 |    15 |    18 |     9 |       |     5 ||    58
         Potion            |       |     1 |     6 |     6 |     4 |    10 |    16 |     5 ||    48
   Stab: Held in net/web   |       |       |     1 |     1 |       |       |       |       ||     2
         Distracted        |       |       |       |       |     2 |       |     2 |       ||     4
         Invisible         |       |       |       |       |       |       |     2 |       ||     2
 Armour: Scale mail        |    16 |       |       |       |       |       |       |       ||    16
         Chain mail        |    13 |    40 |   118 |     7 |       |       |       |       ||   178
         Skin              |       |     1 |    14 |       |       |       |       |       ||    15
         Plate armour      |       |       |       |   209 |   463 |   819 |   466 |   244 ||  2201
         Gold dragon scale |       |       |       |       |       |       |       |   296 ||   296
  Dodge: Dodged            |    18 |    30 |    74 |   182 |   307 |   478 |   284 |   236 ||  1609
  Block: Buckler           |     9 |    17 |    18 |       |       |       |       |       ||    44
         Kite shield       |       |       |    57 |   404 |   748 |  1169 |   703 |   548 ||  3629
